 Dungeon Crawl Stone Soup version 0.27.1-3-gb3d3a73c9e (webtiles) character file.

Game seed: 16645556040208184230

169 DearestLeader the Chiller (level 5, -1/35 HPs)
             Began as a Merfolk Ice Elementalist on Oct 27, 2021.
             Slain by a goblin (5 damage)
             ... led by Robin
             ... on level 3 of the Dungeon.
             The game lasted 00:06:27 (3117 turns).

DearestLeader the Chiller (MfIE)                    Turns: 3117, Time: 00:06:28

Health: -1/35      AC:  2    Str:  9    XL:     5   Next: 50%
Magic:  6/8        EV: 13    Int: 15    God:
Gold:   119        SH:  0    Dex: 14    Spells: 4/8 levels left

rFire    . . .     SeeInvis .   n - +0 halberd
rCold    . . .     Faith    .   (shield currently unavailable)
rNeg     . . .     Spirit   .   a - +0 robe
rPois    .         Reflect  .   (no helmet)
rElec    .         Harm     .   (no cloak)
rCorr    .         Rampage  .   (no gloves)
Will     .....                  (no boots)
Stlth    ++........             (no amulet)
HPRegen  0.11/turn              (no ring)
MPRegen  0.11/turn              (no ring)

@: weak-willed
A: (nimble swimmer 2), mertail
a: no special abilities


You were on level 3 of the Dungeon.
You visited 1 branch of the dungeon, and saw 3 of its levels.

You collected 119 gold pieces.

Inventory:

Hand Weapons
 e - a +0 short sword
 j - a +0 spear
 n - a +0 halberd (weapon)
Armour
 a - a +0 robe (worn)
 g - a +0 buckler
 h - a +0 ring mail
 o - a +0 leather armour
Scrolls
 p - a scroll of teleportation {unknown}
 q - a scroll of enchant weapon {unknown}
Potions
 b - a potion of heal wounds
 c - a potion of brilliance {unknown}
 i - a potion of attraction {unknown}


   Skills:
 + Level 0.0 Fighting
 * Level 4.2 Polearms
 - Level 3.0 Dodging
 - Level 2.1 Stealth
 - Level 2.0 Spellcasting
 * Level 6.2 Ice Magic


You had 4 spell levels left.
You knew the following spells:

 Your Spells              Type           Power      Damage    Failure   Level
a - Freeze                Ice            80%        1d9       1%          1
b - Frozen Ramparts       Ice            40%        1d6       4%          3

Your spell library contained the following spells:

 Spells                   Type           Power      Damage    Failure   Level
 Ozocubu's Armour         Ice            20%        N/A       4%          3
 Hailstorm                Conj/Ice       10%        3d5       52%         4
 Call Canine Familiar     Summ           1%         N/A       54%         3
 Portal Projectile        Hex/Tloc       2%         N/A       54%         3
 Leda's Liquefaction      Hex/Erth       0%         N/A       91%         4


Dungeon Overview and Level Annotations

Branches:
Dungeon (3/15)

Altars:

Annotations:
D:3 1 runed translucent door, Robin; bignoob's ghost, amateur VSIE


Innate Abilities, Weirdness & Mutations

((You are quick and stealthy near water. (Stealth+, EV+, Speed+++)))
Your lower body shifts to a powerful aquatic tail in water.


Message History

You slash the goblin!
You kill the goblin!
The goblin hits you with a +0 club.
The wall freezes Robin.
The goblin barely misses you.
You are too injured to fight recklessly!
You hit Robin.
Robin is severely wounded.
The goblin hits you but does no damage.
The wall freezes Robin.
The goblin misses you.
The wall freezes the goblin.
You kill the goblin!
The goblin hits you with a +0 club. x2
* * * LOW HITPOINT WARNING * * *
Robin hits you with a +0 short sword.
* * * LOW HITPOINT WARNING * * *
Unknown command.
You barely miss Robin.
Robin is severely wounded.
The wall freezes the goblin.
You kill the goblin!
The goblin barely misses you. x2
Unknown command.
As you read the scroll labelled FIDILA DURYWEGH, it crumbles to dust.
It is a scroll of amnesia.
Really abort (and waste the scroll)?
Okay, then.
The wall freezes the goblin.
You kill the goblin!
The goblin hits you but does no damage. The goblin hits you with a +0 club.
* * * LOW HITPOINT WARNING * * *
You feel better. The goblin hits you with a +0 club.
* * * LOW HITPOINT WARNING * * *
The goblin hits you with a +0 club.
* * * LOW HITPOINT WARNING * * *
Robin drinks a potion.
Robin is healed!
As you read the scroll labelled ZOGOR JOHOTIRR, it crumbles to dust.
Magic quickly surges around you.
It was a scroll of vulnerability.
The frozen ramparts melt away.
The goblin closely misses you. x2
This is a scroll of acquirement!
Something appears at your feet! The goblin hits you with a +0 club.
You die...

#####.## #..............#
.....))# #.........######
.....#.###.........#
....รท#..##.......).#
.....##)##.........#######
.....##.##...............#
.....'..##...............#
.....#..##.....ggg.......#
.....)..##......@))......#
........###'######)......#
#'#'#.........# #.......#
...)...#......# #..?....#
.......#......# #.........
.....####.....#
#####.....g ..... #...###
....... ..... ##..#
####### ..... #).#


You could see Robin (weak-willed) and 2 goblins.

Vanquished Creatures
  An orc priest (D:3)
  2 orc wizards (D:3)
  A worm (D:2)
  A dart slug (D:3)
  8 orcs (D:3)
  7 ball pythons
  8 endoplasms
  3 giant cockroaches
  12 goblins
  5 hobgoblins
  3 jackals (D:3)
  5 kobolds
  2 quokkas
  4 bats
  4 frilled lizards
  4 rats
70 creatures vanquished.

Notes
Turn   | Place    | Note
-------+----------+-------------------------------------------
     0 | D:1      | DearestLeader the Merfolk Ice Elementalist began the quest
                  | for the Orb.
     0 | D:1      | Reached XP level 1. HP: 13/13 MP: 3/3
   370 | D:1      | Reached XP level 2. HP: 19/19 MP: 1/5
  1015 | D:1      | Reached skill level 5 in Ice Magic
  1492 | D:2      | Reached XP level 3. HP: 21/24 MP: 6/6
  1536 | D:2      | Reached skill level 1 in Polearms
  1540 | D:2      | Learned a level 3 spell: Frozen Ramparts
  2304 | D:3      | Reached XP level 4. HP: 29/30 MP: 3/7
  2355 | D:3      | Found a runed translucent door.
  2357 | D:3      | Noticed bignoob's ghost (amateur VSIE)
  2372 | D:3      | Noticed Robin
  2817 | D:3      | Reached skill level 6 in Ice Magic
  2817 | D:3      | Reached XP level 5. HP: 14/35 MP: 2/8
  3114 | D:3      | HP: 1/35 [goblin[Robin] (2)]
  3117 | D:3      | Identified a scroll of acquirement
  3117 | D:3      | Acquired 804 gold pieces
  3117 | D:3      | Slain by a goblin

Illustrated notes

Levels and vault maps discovered:
D:1:      kilobyte_arrival_exit_the_forest, layout_loops_corners,
          kennysheep_nondescript
D:2:      layout_loops_ring, minmay_tiny_reverse_x
D:3:      layout_basic, shapermc_ecumenical_altar_notcrosses,
          ebering_ghost_reflecting_pool, uniq_robin

Skill      XL: |  1  2  3  4  5 |
---------------+----------------+-----
Dodging        | 3 |  3.0
Ice Magic      | 5 6 |  6.2
Polearms       | 2 3 4 |  4.2
Stealth        | |  2.1
Spellcasting   | |  2.0

Action                   |  1- 3 |  4- 6 || total
-------------------------+-------+-------++-------
Melee: Spear             |    54 |       ||    54
       Short sword       |    12 |       ||    12
       Unarmed           |     1 |       ||     1
       Halberd           |    22 |    37 ||    59
 Cast: Freeze            |    21 |       ||    21
       Frozen Ramparts   |     4 |     7 ||    11
  Use: Scroll            |       |     4 ||     4
       Potion            |       |     1 ||     1
 Stab: Sleeping          |    10 |     2 ||    12
       Distracted        |     1 |     1 ||     2
Armor: Robe              |    15 |     6 ||    21
Dodge: Dodged            |    53 |    15 ||    68
